 Dungeon Crawl Stone Soup version 0.30-a0-1014-g3371b13838 (webtiles) character file.

Game seed: 13145043103603527798

1399 Malachi the Insei (level 8, -10/61 HPs)
             Began as a Gnoll Transmuter on Apr 6, 2023.
             Was a High Priest of Elyvilon.
             Mangled by an orc
             ... wielding a +1 dagger of electrocution
              (14 damage)
             ... on level 6 of the Dungeon.
             The game lasted 00:06:50 (5262 turns).

Malachi the Insei (Gnoll Transmuter)                Turns: 5262, Time: 00:06:51

Health: -10/61     AC:  8    Str: 10    XL:     8   Next: 69%
Magic:  17/17      EV: 12    Int: 15    God:    Elyvilon [*****.]
Gold:   267        SH:  0    Dex: 12    Spells: 18/19 levels left

rFire   . . .      SeeInvis .    h - +4 dagger (venom)
rCold   . . .      Faith    .    (no shield)
rNeg    . . .      Spirit   .    i - +2 ring mail of Tempters {Regen+}
rPois   .          Reflect  .    k - +0 helmet
rElec   .          Rampage  .    (no cloak)
rCorr   .                        (no gloves)
Will    .....                    (no boots)
Stlth   ++                       (no amulet)
HPRegen 1.10/turn                (no ring)
MPRegen 0.15/turn                (no ring)

@: about to teleport
A: fangs 1, strong nose, distributed training
a: Renounce Religion, Purification, Heal Other, Heal Self, Divine Vigour


You were on level 6 of the Dungeon.
You worshipped Elyvilon.
Elyvilon was extremely pleased with you.
You visited 1 branch of the dungeon, and saw 6 of its levels.

You collected 267 gold pieces.

Inventory:

Hand Weapons
 h - a +4 dagger of venom (weapon)
Missiles
 j - 4 atropa-tipped darts
 v - a throwing net
Armour
 i - the +2 ring mail of Tempters (worn) {Regen+}
   (You found it on level 2 of the Dungeon)

   Regen:     It increases your rate of health regeneration.
 k - a +0 helmet (worn)
Wands
 n - a wand of roots (2)
 r - a wand of flame (21)
 u - a wand of charming (12)
Scrolls
 a - a scroll of acquirement {unknown}
 e - 3 scrolls of teleportation
 f - a scroll of enchant armour
 l - a scroll of amnesia
 m - 4 scrolls of immolation
 o - a scroll of silence
 p - 3 scrolls of fog {unknown}
 t - a scroll of magic mapping {unknown}
 w - a scroll of vulnerability {unknown}
Potions
 b - 2 potions of lignification
 c - a potion of attraction {unknown}
 d - 2 potions of magic
 g - a potion of might {unknown}
 q - a potion of heal wounds {unknown}
 s - a potion of berserk rage {unknown}
 x - 2 potions of mutation {unknown}
 z - a potion of brilliance {unknown}


   Skills:
 + Level 4.5 Fighting
 + Level 3.6 Short Blades
 + Level 3.6 Long Blades
 + Level 3.6 Axes
 + Level 3.6 Maces & Flails
 + Level 3.6 Polearms
 + Level 3.6 Staves
 + Level 3.6 Ranged Weapons
 + Level 3.6 Throwing
 + Level 3.6 Armour
 + Level 5.9 Dodging
 + Level 3.6 Stealth
 + Level 3.6 Shields
 + Level 7.5 Unarmed Combat
 + Level 6.2 Spellcasting
 + Level 3.0 Conjurations
 + Level 3.0 Hexes
 + Level 3.0 Summonings
 + Level 3.0 Necromancy
 + Level 3.0 Translocations
 + Level 4.9 Transmutations
 + Level 3.0 Fire Magic
 + Level 3.0 Ice Magic
 + Level 3.0 Air Magic
 + Level 3.0 Earth Magic
 + Level 3.0 Poison Magic
 + Level 4.0 Invocations
 + Level 3.6 Evocations


You had 18 spell levels left.
You knew the following spells:

 Your Spells              Type           Power      Damage    Failure   Level
a - Beastly Appendage     Tmut           38%        N/A       4%          1

Your spell library contained the following spells:

 Spells                   Type           Power      Damage    Failure   Level
 Wereblood                Tmut           19%        N/A       7%          2
 Slow                     Hex            52%        N/A       11%         1
 Spider Form              Tmut/Pois      16%        N/A       21%         3
 Confusing Touch          Hex            13%        N/A       30%         3
 Vampiric Draining        Necr           13%        2d6       30%         3
 Ice Form                 Ice/Tmut       16%        N/A       56%         4
 Summon Lightning Spire   Summ/Air       13%        N/A       71%         4
 Storm Form               Tmut/Air       8%         N/A       100%        7
 Maxwell's Capacitive Co  Air            6%         ∞         100%        8


Dungeon Overview and Level Annotations

Branches:
Dungeon (6/15)
 Temple: D:4-7

Altars:
Ashenzari
Elyvilon
Makhleb
Okawaru
Ru
Wu Jian

Shops:
D:1 =


Innate Abilities, Weirdness & Mutations

You have very sharp teeth.
Your uncanny sense of smell can sniff out nearby items.
Your experience applies equally to all skills.


Message History

The orc hits you with a +0 flail.
* * * LOW HITPOINT WARNING * * *
The orc hits you with a +1 dagger of electrocution.
* * * LOW HITPOINT WARNING * * *
You are electrocuted!
Elyvilon protects you from harm! The orc warrior misses you.
You hit the orc warrior.
The orc warrior looks as sick as possible!
The orc warrior is almost dead.
The orc closely misses you. The orc hits you but does no damage.
Unknown command.
As you read the scroll of teleportation, it crumbles to dust.
You feel strangely unstable.
You kill the orc warrior!
The orc hits you with a +0 flail.
* * * LOW HITPOINT WARNING * * *
The orc misses you. The orc barely misses you.
Your Conjurations skill increases to level 3!
Your Hexes skill increases to level 3!
Your Summonings skill increases to level 3!
Your Necromancy skill increases to level 3!
Your Translocations skill increases to level 3!
Your Fire Magic skill increases to level 3!
Your Ice Magic skill increases to level 3!
Your Air Magic skill increases to level 3!
Your Earth Magic skill increases to level 3!
Your Poison Magic skill increases to level 3!
Your Invocations skill increases to level 4!
Really quaff the potion of lignification?
Okay, then.
You closely miss the orc. The orc barely misses you.
The orc hits you but does no damage. The orc warrior barely misses you.
The orc completely misses you. The orc hits you but does no damage.
You barely miss the orc. The orc closely misses you.
The orc hits you but does no damage. x2
The orc warrior hits you with a +0 mace.
* * * LOW HITPOINT WARNING * * *
The orc hits you but does no damage.
You are electrocuted!
You die...

.. # ... .. #### ....
... ..####....
#..##....... ........
∆ #.oo## .. .
#oo@o#..# ...
#.##o...#
.....####)........#
.........o.####.#..
...........####.###..
..#.......o.o§.......
#....$...oo.....!#.
.................o#
..............o......


You could see an orc warrior and 5 orcs.

Vanquished Creatures
  Grinder (D:4)
  Duvessa (D:4)
  An orc warrior (D:6)
  3 black bears (D:5)
  4 scorpions
  Dowan (D:4)
  Ijyb (D:5)
  A gnoll bouda (D:5)
  2 orc priests
  3 iguanas (D:5)
  2 orc wizards (D:6)
  3 adders
  9 gnolls
  2 worms
  3 dart slugs
  10 orcs
  10 ball pythons
  12 endoplasms
  7 giant cockroaches
  3 goblins
  6 hobgoblins
  2 quokkas
  A bat (D:2)
  A frilled lizard (D:1)
  5 kobolds
  3 rats
97 creatures vanquished.

Notes
Turn   | Place    | Note
-------+----------+-------------------------------------------
     0 | D:1      | Malachi the Gnoll Transmuter began the quest for the Orb.
     0 | D:1      | Reached XP level 1. HP: 17/17 MP: 6/6
   120 | D:1      | Reached XP level 2. HP: 21/23 MP: 5/7
   120 | D:1      | Found Jekigua's Jewellery Boutique.
   568 | D:1      | Reached skill level 5 in Spellcasting
   568 | D:1      | Reached XP level 3. HP: 27/28 MP: 6/9
   735 | D:2      | Found a burning altar of Makhleb.
   764 | D:2      | Found a faded altar of an unknown god.
   949 | D:2      | Prayed at the altar of an unknown god.
   949 | D:2      | Became a worshipper of Elyvilon the Healer
   949 | D:2      | Reached * piety under Elyvilon
  1013 | D:2      | Reached skill level 1 in Invocations
  1135 | D:2      | Reached skill level 1 in Short Blades
  1135 | D:2      | Reached skill level 1 in Long Blades
  1135 | D:2      | Reached skill level 1 in Axes
  1135 | D:2      | Reached skill level 1 in Maces & Flails
  1135 | D:2      | Reached skill level 1 in Polearms
  1135 | D:2      | Reached skill level 1 in Staves
  1135 | D:2      | Reached skill level 1 in Ranged Weapons
  1135 | D:2      | Reached skill level 1 in Throwing
  1135 | D:2      | Reached skill level 1 in Armour
  1135 | D:2      | Reached skill level 1 in Stealth
  1135 | D:2      | Reached skill level 1 in Shields
  1135 | D:2      | Reached skill level 1 in Evocations
  1169 | D:2      | Reached XP level 4. HP: 12/34 MP: 11/11
  1171 | D:2      | Elyvilon protects you from harm!
  1174 | D:2      | HP: 1/34 [gnoll/+0 spear (6)]
  1451 | D:2      | Reached skill level 1 in Conjurations
  1451 | D:2      | Reached skill level 1 in Hexes
  1451 | D:2      | Reached skill level 1 in Summonings
  1451 | D:2      | Reached skill level 1 in Necromancy
  1451 | D:2      | Reached skill level 1 in Translocations
  1451 | D:2      | Reached skill level 1 in Fire Magic
  1451 | D:2      | Reached skill level 1 in Ice Magic
  1451 | D:2      | Reached skill level 1 in Air Magic
  1451 | D:2      | Reached skill level 1 in Earth Magic
  1451 | D:2      | Reached skill level 1 in Poison Magic
  1794 | D:2      | Identified the +2 ring mail of Tempters {Regen+}
  2098 | D:2      | Reached XP level 5. HP: 34/40 MP: 12/12
  2190 | D:2      | Reached ** piety under Elyvilon
  2317 | D:3      | Found an ornate altar of the Wu Jian Council.
  2320 | D:3      | Found a broken altar of Ashenzari.
  2320 | D:3      | Found an iron altar of Okawaru.
  2323 | D:3      | Found a white marble altar of Elyvilon.
  2701 | D:3      | Found a sacrificial altar of Ru.
  3056 | D:4      | Noticed Duvessa
  3061 | D:4      | Noticed Dowan
  3075 | D:4      | Killed Duvessa
  3076 | D:4      | Reached XP level 6. HP: 21/47 MP: 14/14
  3083 | D:3      | Reached skill level 5 in Dodging
  3466 | D:4      | Killed Dowan
  3545 | D:4      | Reached *** piety under Elyvilon
  3712 | D:4      | Noticed Grinder
  3740 | D:4      | Killed Grinder
  3741 | D:4      | Reached skill level 7 in Unarmed Combat
  3741 | D:4      | Reached XP level 7. HP: 53/53 MP: 15/15
  3966 | D:5      | Entered Level 5 of the Dungeon
  4043 | D:5      | Reached **** piety under Elyvilon
  4149 | D:5      | Reached XP level 8. HP: 60/60 MP: 16/16
  4511 | D:5      | Noticed Ijyb
  4521 | D:5      | Killed Ijyb
  4815 | D:5      | Reached ***** piety under Elyvilon
  5258 | D:6      | Elyvilon protects you from harm!
  5262 | D:6      | Mangled by an orc

Illustrated notes

Levels and vault maps discovered:
D:1:      mrwooster_arrival_statue_3, layout_rooms, serial_shops,
          nicolae_shop_advertising_works [nicolae_subvault_shop_adworks]
D:2:      layout_loops_ring, basic_altar, nicolae_ecumenical_lake_church,
          serial_aquarium, aquarium_bridge_long_joined
          [aquarium_subvault_window, aquarium_subvault_balcony,
          aquarium_subvault_window, aquarium_subvault_window,
          aquarium_subvault_wall, aquarium_subvault_bridge], aquarium_window_1,
          aquarium_window_corridor_3, aquarium_window_double, aquarium_view_2c,
          aquarium_view_2d, aquarium_balcony_double_4
D:3:      layout_loops_corners, mainiacjoe_overflow_catwalk,
          grunt_temple_overflow_open
D:4:      layout_rooms, uniq_grinder, uniq_duvessa
D:5:      layout_layer_cave, uniq_ijyb
D:6:      layout_rooms, mainiacjoe_overflow_24_doors, uniq_pikel,
          uniq_prince_ribbit1

Skill      XL: |  1  2  3  4  5  6  7  8 |
---------------+-------------------------+-----
Spellcasting   | 5 6 |  6.2
Invocations    | 1 2 3 4 |  4.0
Short Blades   | 1 2 3 |  3.6
Long Blades    | 1 2 3 |  3.6
Axes           | 1 2 3 |  3.6
Maces & Flails | 1 2 3 |  3.6
Polearms       | 1 2 3 |  3.6
Staves         | 1 2 3 |  3.6
Ranged Weapons | 1 2 3 |  3.6
Throwing       | 1 2 3 |  3.6
Armour         | 1 2 3 |  3.6
Stealth        | 1 2 3 |  3.6
Shields        | 1 2 3 |  3.6
Evocations     | 1 2 3 |  3.6
Conjurations   | 1 2 3 |  3.0
Hexes          | 1 2 3 |  3.0
Summonings     | 1 2 3 |  3.0
Necromancy     | 1 2 3 |  3.0
Translocations | 1 2 3 |  3.0
Fire Magic     | 1 2 3 |  3.0
Ice Magic      | 1 2 3 |  3.0
Air Magic      | 1 2 3 |  3.0
Earth Magic    | 1 2 3 |  3.0
Poison Magic   | 1 2 3 |  3.0
Fighting       | 3 4 |  4.5
Transmutations | 4 |  4.9
Dodging        | 5 |  5.9
Unarmed Combat | 7 |  7.5

Action                     |  1- 3 |  4- 6 |  7- 9 || total
---------------------------+-------+-------+-------++-------
  Melee: Unarmed           |    76 |    22 |       ||    98
         Kick              |    12 |     6 |       ||    18
         Headbutt          |     6 |     2 |       ||     8
         Bite              |     3 |    26 |    19 ||    48
         Punch             |     2 |     8 |     6 ||    16
         Dagger            |       |   149 |   123 ||   272
   Cast: Beastly Appendage |    14 |     5 |       ||    19
 Invoke: Purification      |       |       |     1 ||     1
    Use: Scroll            |       |     6 |     1 ||     7
   Stab: Sleeping          |     1 |     2 |       ||     3
 Armour: Robe              |     5 |       |       ||     5
         Ring mail         |       |    43 |    54 ||    97
  Dodge: Dodged            |    41 |    85 |    87 ||   213

Table legend: (Time is in decaauts)
 A = Elapsed time spent in this place.
 B = Non-inter-level travel time spent in this place.
 C = Inter-level travel time spent in this place.
 D = Time resting spent in this place.
 E = Time spent auto-exploring this place.
 F = Levels seen in this place.
 G = Mean time per level.
                   A        B        C        D        E       F      G
               +--------+--------+--------+--------+--------+-----+--------+
         Total |   5223 |   5058 |    165 |   1016 |   3257 |   6 |  870.5 |
       Dungeon |   5223 |   5058 |    165 |   1016 |   3257 |   6 |  870.5 |
               +--------+--------+--------+--------+--------+-----+--------+

Top non-repeatable levels by time:
     D:2: 1575 daAuts
     D:5: 1250 daAuts
     D:3: 1144 daAuts
     D:1: 700 daAuts
     D:4: 525 daAuts
     D:6: 28 daAuts
